 Dungeon Crawl Stone Soup version 0.27.1-34-g3ba077fa99 (webtiles) character file.

Game seed: 12567945780473816081

10649 Exporg the Cleaver (level 11, -10/86 HPs)
             Began as a Formicid Fighter on Jan 25, 2022.
             Was a Follower of Qazlal.
             Mangled by a molten gargoyle (15 damage)
             ... on level 11 of the Dungeon.
             The game lasted 00:25:54 (12908 turns).

Exporg the Cleaver (Formicid Fighter)              Turns: 12908, Time: 00:25:54

Health: -10/86     AC: 16    Str: 22    XL:     11   Next: 96%
Magic:  0/11       EV: 14    Int:  8    God:    Qazlal [*.....]
Gold:   465        SH: 14    Dex: 18    Spells: 10/10 levels left

rFire    . . .     SeeInvis +   a - +3 battleaxe
rCold    . . .     Faith    .   c - +0 kite shield
rNeg     . . .     Spirit   +   U - +0 steam dragon scales
rPois    .         Reflect  .   (helmet unavailable)
rElec    .         Harm     .   P - +0 cloak
rCorr    .         Rampage  .   q - +1 pair of gloves
Will     +....                  e - +1 pair of boots
Stlth    ++........             m - amulet of guardian spirit
HPRegen  0.24/turn              T - +6 ring of dexterity
MPRegen  0.12/turn              k - +4 ring of protection

@: no status effects
A: permanent stasis, dig shafts and tunnels, antennae 3, four strong arms
a: Dig, Shaft Self, Renounce Religion


You were on level 11 of the Dungeon.
You worshipped Qazlal.
Qazlal was aware of your devotion.
You visited 2 branches of the dungeon, and saw 12 of its levels.
You also visited: Ossuary.

You collected 832 gold pieces.
You spent 367 gold pieces at shops.

Inventory:

Hand Weapons
 a - a +3 battleaxe (weapon)
 b - the +7 arbalest of Nightmares {vorpal, rF+}
   (You bought it in a shop on level 7 of the Dungeon)

   Any ammunition fired from it inflicts extra damage upon your enemies.
   rF:        It protects you from fire.
 X - a +1 scimitar of flaming
Missiles
 l - 155 arrows
 n - 45 bolts
 u - a throwing net
Armour
 c - a +0 kite shield (worn)
 e - a +1 pair of boots (worn)
 f - a +0 plate armour
 p - +0 acid dragon scales
 q - a +1 pair of gloves (worn)
 P - a +0 cloak (worn)
 U - +0 steam dragon scales (worn)
Jewellery
 d - a ring of resist corrosion
 k - a +4 ring of protection (right hand)
 m - an amulet of guardian spirit (around neck)
 R - a ring of magical power
 T - a +6 ring of dexterity (left hand)
 Y - a ring of fire
Wands
 t - a wand of flame (42)
 w - a wand of iceblast (5)
 L - a wand of polymorph (13)
 M - a wand of mindburst (11)
 W - a wand of acid (13)
Scrolls
 h - 3 scrolls of enchant armour {unknown}
 r - 4 scrolls of magic mapping {unknown}
 s - 4 scrolls of enchant weapon
 v - a scroll of silence {unknown}
 x - a scroll of blinking {unknown}
 y - a scroll of immolation {unknown}
 A - 3 scrolls of vulnerability {unknown}
 D - a scroll of noise {unknown}
 E - 2 scrolls of fog {unknown}
 F - 2 scrolls of amnesia
 G - 3 scrolls of fear {unknown}
 K - a scroll of acquirement {unknown}
 Q - a scroll of summoning {unknown}
Potions
 i - 2 potions of flight
 j - 4 potions of curing
 B - 3 potions of lignification
 C - 5 potions of brilliance
 H - 2 potions of ambrosia
 I - 2 potions of attraction
 J - a potion of heal wounds
 Z - a potion of cancellation


   Skills:
 + Level 8.1 Fighting
 + Level 11.6 Axes
 * Level 5.6 Crossbows
 + Level 7.0 Armour
 + Level 4.5 Dodging
 - Level 1.0 Stealth
 + Level 9.5 Shields
 + Level 0.1 Evocations


You had 10 spell levels left.
You didn't know any spells.
Your spell library contained the following spells:

 Spells                   Type           Power      Damage    Failure   Level
 Pain                     Necr           0%         1d4       41%         1
 Ensorcelled Hibernation  Hex/Ice        0%         N/A       54%         2
 Slow                     Hex            0%         N/A       54%         2
 Call Canine Familiar     Summ           0%         N/A       78%         3
 Confusing Touch          Hex            0%         N/A       78%         3
 Portal Projectile        Hex/Tloc       0%         N/A       78%         3
 Spider Form              Tmut/Pois      0%         N/A       78%         3
 Vampiric Draining        Necr           0%         2d6       78%         3
 Leda's Liquefaction      Hex/Erth       0%         N/A       99%         4
 Agony                    Necr           0%         N/A       100%        5
 Excruciating Wounds      Necr           0%         N/A       100%        5
 Shadow Creatures         Summ           N/A        N/A       100%        6


Dungeon Overview and Level Annotations

Branches:
Dungeon (11/15)            Temple (1/1) D:6            Lair (0/6) D:9
    Orc (0/2) D:9         Ossuary (visited)

Altars:
Ashenzari
Cheibriados
Dithmenos
Elyvilon
Fedhas
Gozag
Hepliaklqana
Kikubaaqudgha
Makhleb
Nemelex Xobeh
Okawaru
Qazlal
Ru
Sif Muna
Trog
Uskayaw
Vehumet
Wu Jian
Xom
Yredelemnul
Zin
The Shining One

Shops:
D:5 (   D:7 (?[   D:9 (

Annotations:
D:7 1 runed translucent door, Tzialkovskiy's ghost, novice TrBr
D:8 3 runed translucent doors, Mitsuki's ghost, novice DECj


Innate Abilities, Weirdness & Mutations

You cannot be hasted, slowed, berserked, paralysed or teleported.
You can dig through walls and to a lower floor.
You have a pair of large antennae on your head. (SInv)
Your four strong arms can wield two-handed weapons with a shield.


Message History

You slash the molten gargoyle!
The molten gargoyle is almost destroyed.
You slice the wraith!! The wraith misses you.
The molten gargoyle completely misses you.
You barely miss the molten gargoyle.
The molten gargoyle is almost destroyed.
You barely miss the wraith.
The wraith is struck by lightning.
You destroy the wraith!
Qazlal accepts your kill.
The molten gargoyle blasts magma at you!
The bolt of magma misses you.
A molten gargoyle comes into view. It is wielding a +0 mace.
You hit the molten gargoyle.
You destroy the molten gargoyle!
Qazlal accepts your kill.
The molten gargoyle blasts magma at you!
The bolt of magma misses you. You block the molten gargoyle's attack.
You see here a +0 flail.
You slash the molten gargoyle!
The molten gargoyle is heavily damaged.
The molten gargoyle hits you with a +1 morningstar of freezing.
You are engulfed in flames!
The molten gargoyle freezes you.
* * * LOW HITPOINT WARNING * * *
You barely miss the molten gargoyle.
The molten gargoyle is moderately damaged.
The molten gargoyle blasts magma at you!
The bolt of magma hits you!
* * * LOW HITPOINT WARNING * * *
The molten gargoyle barely misses you.
You hit the molten gargoyle.
The molten gargoyle is heavily damaged.
You block the molten gargoyle's attack.
The molten gargoyle blasts magma at you!
The bolt of magma hits you!
* * * LOW HITPOINT WARNING * * *
You hit the molten gargoyle but do no damage.
The molten gargoyle is heavily damaged.
The molten gargoyle hits you with a +1 morningstar of freezing!
You die...

#......#####.........#
#. #......#
#.....(...# #.
#......# #.........#
#. #......#
##........[# #.
#......# ...........#
#.
#......###.#^........#
#. #......#.#.#.# #.
#.....#.#.#§#.#.# #.
#####..#)@9≈.§...
#.#..§§§≈§≈§#
#..#.≈≈§§§≈≈.
#.#..9§88≈§.#
#..#.≈§88§≈..
#.#.≈≈≈§≈≈≈.# #.
#.≈≈≈≈≈≈§. #
...≈.≈...#


You could see 2 molten gargoyles.

Vanquished Creatures
  Erica (D:8)
  2 molten gargoyles (D:11)
  A gargoyle (D:11)
  Maggie (D:8)
  Grinder (D:3)
  Prince Ribbit (D:7)
  A hornet (D:9)
  A shadow (D:9)
  2 wraiths
  3 wyverns
  13 yaks
  An acid dragon (D:8)
  A water moccasin (D:9)
  9 orc warriors
  A sky beast (D:7)
  2 ice beasts
  An ogre (D:4)
  3 black bears
  4 centaurs
  3 kobold brigands (D:9)
  An elf zombie (Ossuary)
  Blork the orc (D:6)
  A gnoll sergeant (D:9)
  3 bullfrogs
  A scorpion (D:4)
  A wyvern skeleton (D:6)
  4 killer bees (D:9)
  4 wights
  2 howler monkeys
  An electric eel (D:9)
  4 human zombies (Ossuary)
  8 centaur zombies
  7 hounds
  3 gnoll shamans
  A jelly (D:4)
  2 centaur skeletons (D:6)
  11 orc priests
  A bullfrog skeleton (D:6)
  An iguana (D:5)
  Terence (D:2)
  Natasha (thrice) (D:1)
  12 orc wizards
  A killer bee zombie (D:7)
  3 mummies (Ossuary)
  A howler monkey zombie (D:9)
  21 gnolls
  5 adders
  2 adder zombies (Ossuary)
  3 worms
  8 dart slugs
  33 orcs
  6 endoplasms
  4 giant cockroaches
  A gnoll zombie (Ossuary)
  14 goblins
  11 hobgoblins
  6 jackals
  A quokka (D:4)
  3 ball pythons
  6 bats
  5 frilled lizards
  3 goblin zombies (Ossuary)
  3 hobgoblin zombies (Ossuary)
  3 jackal zombies (Ossuary)
  15 kobolds
  6 kobold zombies (Ossuary)
  3 quokka zombies (Ossuary)
  4 rats
  3 rat zombies (Ossuary)
299 creatures vanquished.

Vanquished Creatures (others)
  An orc wizard (D:10)
  2 plants (D:2)
3 creatures vanquished.

Grand Total: 302 creatures vanquished

Notes
Turn   | Place    | Note
-------+----------+-------------------------------------------
     0 | D:1      | Exporg the Formicid Fighter began the quest for the Orb.
     0 | D:1      | Reached XP level 1. HP: 18/18 MP: 1/1
   137 | D:1      | You fall into a shaft and drop 1 floor!
   137 | D:2      | Noticed Natasha
   147 | D:1      | Killed Natasha
   148 | D:1      | Reached XP level 2. HP: 15/25 MP: 2/2
   148 | D:1      | Reached XP level 3. HP: 18/30 MP: 3/3
   285 | D:1      | Noticed Natasha
   293 | D:1      | Killed Natasha
   294 | D:1      | Reached XP level 4. HP: 33/37 MP: 4/4
   652 | D:1      | Noticed Natasha
   664 | D:1      | Killed Natasha
   975 | D:2      | Noticed Terence
   986 | D:1      | Reached XP level 5. HP: 38/42 MP: 5/5
  1067 | D:2      | Killed Terence
  1097 | D:2      | Reached skill level 3 in Axes
  1347 | D:2      | Reached XP level 6. HP: 42/48 MP: 6/6
  1507 | D:2      | Reached skill level 5 in Shields
  1725 | D:2      | Found a faded altar of an unknown god.
  1940 | D:3      | Noticed Grinder
  1952 | D:3      | Killed Grinder
  1953 | D:3      | Reached skill level 4 in Axes
  1953 | D:3      | Reached XP level 7. HP: 36/55 MP: 4/7
  2325 | D:3      | Reached skill level 1 in Dodging
  2884 | D:4      | Reached skill level 5 in Axes
  2884 | D:4      | Reached skill level 5 in Armour
  3026 | D:4      | Found a hazy altar of Hepliaklqana.
  3060 | D:4      | Reached XP level 8. HP: 54/61 MP: 5/8
  3074 | D:4      | Reached skill level 5 in Fighting
  3242 | D:4      | Reached skill level 6 in Axes
  3466 | D:4      | Found a glowing silver altar of Zin.
  3597 | D:5      | Entered Level 5 of the Dungeon
  3701 | D:5      | Found a sand-covered staircase.
  3707 | Ossuary  | Entered an ossuary
  3943 | Ossuary  | Reached XP level 9. HP: 54/68 MP: 7/9
  4071 | Ossuary  | Reached skill level 7 in Axes
  4469 | D:5      | Found Typriun's Antique Weapon Emporium.
  4724 | D:5      | Found a shimmering blue altar of Sif Muna.
  4725 | D:5      | Found an ornate altar of the Wu Jian Council.
  4726 | D:5      | Found an opulent altar of Gozag.
  4727 | D:5      | Found a glowing golden altar of the Shining One.
  5127 | D:6      | Noticed Blork the orc
  5136 | D:6      | Killed Blork the orc
  5139 | D:6      | Reached skill level 8 in Axes
  5269 | D:6      | Found a staircase to the Ecumenical Temple.
  5284 | Temple   | Entered the Ecumenical Temple
  5845 | D:7      | Found Hiecass's Antique Armour Shoppe.
  5868 | D:7      | Found Xifrin's Antique Weapon Emporium.
  5876 | D:7      | Bought an ebony arbalest for 218 gold pieces
  5876 | D:7      | Identified the +7 arbalest of Nightmares {vorpal, rF+} (You
                  | bought it in a shop on level 7 of the Dungeon)
  5876 | D:7      | Bought a runed war axe for 149 gold pieces
  5892 | D:7      | Reached skill level 1 in Stealth
  5964 | D:7      | Found a burning altar of Makhleb.
  5964 | D:7      | Noticed a blizzard demon
  6337 | D:7      | Noticed Prince Ribbit
  6343 | D:7      | Killed Prince Ribbit
  6344 | D:7      | Reached skill level 1 in Crossbows
  6362 | D:7      | Found Xafac's Magic Scroll Shop.
  6544 | D:7      | Noticed Tzialkovskiy's ghost (novice TrBr)
  6547 | D:7      | Found a runed translucent door.
  6715 | D:7      | Reached XP level 10. HP: 38/76 MP: 10/10
  6993 | D:8      | Found a flagged portal.
  7029 | D:7      | Reached skill level 9 in Axes
  7870 | D:8      | Noticed Maggie
  7878 | D:8      | Killed Maggie
  8103 | D:8      | Found a runed translucent gate.
  8103 | D:8      | Found a runed translucent gate.
  8103 | D:8      | Found a runed translucent gate.
  8109 | D:8      | Noticed Erica
  8121 | D:8      | Killed Erica
  8122 | D:8      | Reached skill level 10 in Axes
  8335 | D:8      | Noticed Mitsuki's ghost (novice DECj)
  9464 | D:9      | Reached XP level 11. HP: 84/84 MP: 11/11
  9480 | D:9      | Noticed a cyclops
 10285 | D:9      | Found a staircase to the Lair.
 10320 | D:9      | Found Qadompoy's Weapon Shoppe.
 10340 | D:9      | Found a stormy altar of Qazlal.
 10474 | D:9      | Became a worshipper of Qazlal Stormbringer
 11356 | D:9      | Reached * piety under Qazlal
 11359 | D:9      | Reached skill level 11 in Axes
 11469 | D:9      | Found a staircase to the Orcish Mines.
 11616 | D:10     | Entered Level 10 of the Dungeon
 11671 | D:10     | Reached skill level 5 in Crossbows
 12907 | D:11     | HP: 4/86 [molten gargoyle/bolt of magma (8)]
 12908 | D:11     | Mangled by a molten gargoyle

Illustrated notes

Levels and vault maps discovered:
D:1:      lemuel_arrival_muddy, layout_loops_ring, minmay_tiny_reverse_x
D:2:      cheibrodos_greedy_goblins, layout_rooms,
          shapermc_ecumenical_altar_petra, chequers_serial_rivers_small_b,
          cheibrodos_gnoll_hut, uniq_terence, uniq_natasha
D:3:      layout_rooms, uniq_grinder
D:4:      layout_cave_pools, mainiacjoe_overflow_small_starburst,
          lemuel_crystal_altar, gup_sewer_entry_glass
D:5:      layout_basic, mainiacjoe_overflow_alcove_3,
          nicolae_ossuary_entry_plus, serial_shops, nicolae_diamond_shop
D:6:      layout_rooms, minmay_temple_entry_large_hall, uniq_blork_the_orc
D:7:      layout_cave_pools, makhleb_altar_promises_db,
          hellmonk_ghost_happy_afterlife, serial_shops, nicolae_shop_crystal,
          shop_statue, nicolae_diamond_shop, corner_web_ring,
          uniq_prince_ribbit1
D:8:      layout_basic, gammafunk_ghost_necromancy, enter_bailey_3, uniq_maggie,
          uniq_erica
D:9:      minmay_octagon_keep, layout_stronghold, grunt_qazlal_clouds,
          dpeg_oklobed_lair, david_orc_4, serial_shops, shop, lightli_minifort
D:10:     layout_stronghold, minmay_starry_boxes
D:11:     layout_small_grid, minivault_8
Temple:   minmay_temple_curvy_branch

Skill      XL: |  1  2  3  4  5  6  7  8  9 10 11 |
---------------+----------------------------------+-----
Shields        | 4 5 6 7 8 9 |  9.5
Armour         | 4 5 6 7 |  7.0
Fighting       | 4 5 6 7 8 |  8.1
Axes           | 3 4 5 6 8 10 11 | 11.6
Dodging        | 1 2 3 4 |  4.5
Stealth        | 1 |  1.0
Crossbows      | 1 3 5 |  5.6
Evocations     | |  0.1

Action                   |  1- 3 |  4- 6 |  7- 9 | 10-12 || total
-------------------------+-------+-------+-------+-------++-------
Melee: War axe           |    12 |   172 |   389 |       ||   573
       Battleaxe         |       |       |       |   350 ||   350
 Abil: Dig               |       |       |     2 |       ||     2
Evoke: Wand              |       |       |       |     4 ||     4
  Use: Potion            |     1 |       |       |       ||     1
       Scroll            |       |       |       |    11 ||    11
 Stab: Sleeping          |       |       |       |     3 ||     3
Armor: Scale mail        |     1 |    77 |   222 |       ||   300
       Chain mail        |       |       |       |    46 ||    46
       Steam dragon scal |       |       |       |    96 ||    96
Dodge: Dodged            |     5 |    57 |   209 |   219 ||   490
Block: Kite shield       |     6 |   106 |   316 |   298 ||   726
